 Dungeon Crawl Stone Soup version 0.17-a0-1570-g74b7129 (webtiles) character file.

560 puphime the Ducker (level 7, 0/52 HPs)
             Began as a Human Chaos Knight on July 23, 2015.
             Succumbed to an adder's poison
             ... on level 5 of the Dungeon.
             The game lasted 00:18:17 (3385 turns).

puphime the Ducker (Human Chaos Knight)             Turns: 3385, Time: 00:18:18

Health: 0/52       AC:  9    Str: 12    XL:     7   Next: 57%
Magic:  7/7        EV: 15    Int: 12    God:    Xom [*.....]
Gold:   258        SH:  0    Dex: 15    Spells: 0 memorised, 6 levels left

rFire  . . .     SeeInvis .     r - +4 hand axe of the Messenger {speed, Stlth+}
rCold  + + .     Clarity  .     j - +2 ring mail {rC+}
rNeg   . . .     SustAt   .     (no shield)
rPois  .         Gourm    .     t - +0 hat
rElec  .         Spirit   .     n - +0 cloak
rCorr  .         Warding  .     (no gloves)
rMut   .         Stasis   .     (no boots)
MR     ++...                    (no amulet)
Stlth  +++.......               (no ring)
                                i - +1 ring of protection

@: lethally poisoned (0 -> -2), very resistant to hostile enchantments, fairly
stealthy
A: antennae 1, fangs 2, repulsion field 1, cold resistance 1, magic resistance
2, regeneration 1
a: Renounce Religion


You were on level 5 of the Dungeon.
You worshipped Xom.
You were a special plaything of Xom.
You were not hungry.

You visited 1 branch of the dungeon, and saw 5 of its levels.

You collected 258 gold pieces.

Inventory:

Hand weapons
 a - a +0 short sword of chaos
 d - a +0 spear
 g - a +1 dagger of venom (quivered)
 m - a +2 quarterstaff of chaos
 r - the +4 hand axe of the Messenger (weapon) {speed, Stlth+}
   (You found it on level 4 of the Dungeon)

   Attacks with this weapon are significantly faster.
   It makes you more stealthy.
Armour
 b - a +3 leather armour
 j - a +2 ring mail of cold resistance (worn)
 n - a +0 cloak (worn)
 t - a +0 hat (worn)
Jewellery
 i - a +1 ring of protection (left hand)
Magical devices
 h - a wand of confusion (32)
Scrolls
 e - 3 scrolls of teleportation
 k - a scroll of amnesia
 l - a scroll of remove curse
 s - a scroll of identify
Potions
 q - a potion of curing
 u - a potion of agility
Comestibles
 c - 3 bread rations
 f - a chunk of flesh
 o - a meat ration


   Skills:
 + Level 3.6 Fighting
 - Level 4.0 Short Blades
 * Level 1.4 Axes
 + Level 2.6 Armour
 * Level 4.8 Dodging
 * Level 4.0 Stealth


You had 6 spell levels left.
You didn't know any spells.

Dungeon Overview and Level Annotations

Branches:
Dungeon (5/15)
 Temple: D:4-7

Altars:
Fedhas
Nemelex Xobeh
Okawaru
Sif Muna
Trog

Annotations:
D:5 FIQ's ghost, experienced HOGl


Innate Abilities, Weirdness & Mutations

You have a pair of small antennae on your head.
You have extremely sharp teeth.
You are surrounded by a mild repulsion field (EV +2).
Your flesh is cold resistant.
You are highly resistant to hostile enchantments.
Your natural rate of healing is unusually fast.


Message History

You feel sick. The adder barely misses you. The adder misses you.
A jackal comes into view.
You see here a mace.
A jackal comes into view.
You feel sick. The adder bites you.
* * * LOW HITPOINT WARNING * * *
You are more poisoned.
The adder poisons you!
A jackal comes into view.
You feel sick.
You feel sick.
The jackal barks!
The adder bites you but does no damage.
You miss the adder.
You feel sick. The adder bites you but does no damage. FIQ's ghost hits you!
* * * LOW HITPOINT WARNING * * *
* * * LOW HITPOINT WARNING * * *
You feel sick.
You die...
Xom cackles wildly!

......# #.....#
##.....# ......
##.#.#####
#........#
#.####....# ..# #
#....@.SW.##..#.###
######.#..h.......#
.......#§#.<..#...
###.§§)hh...#
#.§§§.........
####.#.#####..
#.#.# . #.#..
...###


You could see FIQ's ghost, an adder and a jackal.

Vanquished Creatures
  The ghost of Illaniel the Charmwright, an experienced HESk of Okawaru (D:4)
  An ogre (D:4)
  A scorpion (D:3)
  Crazy Yiuf (D:2)
  Terence (D:2)
  Robin (D:2)
  4 adders
  2 oozes
  A worm (D:4)
  A giant gecko (D:1)
  4 orcs (D:3)
  10 bats
  9 giant cockroaches
  15 goblins
  9 hobgoblins
  7 kobolds
  4 giant newts
  9 jackals
  A jackal skeleton (D:4)
  2 quokkas
  7 rats
  4 fungi (D:2)
95 creatures vanquished.

Notes
Turn   | Place    | Note
--------------------------------------------------------------
     0 | D:1      | puphime the Human Chaos Knight began the quest for the Orb.
     0 | D:1      | Reached XP level 1. HP: 18/18 MP: 1/1
    99 | D:1      | XOM: harmless Air miscast
   175 | D:1      | XOM: potion effect (curing)
   185 | D:1      | Reached XP level 2. HP: 18/24 MP: 2/2
   402 | D:1      | XOM: vitrification
   718 | D:1      | XOM is BORED!
   718 | D:1      | XOM: give mutations
   718 | D:1      | Gained mutation: You have very sharp teeth. [Xom's mischief]
   718 | D:1      | Gained mutation: You occasionally shout uncontrollably at your foes. [Xom's mischief]
   718 | D:1      | Gained mutation: You are frail (-10% HP). [Xom's mischief]
   768 | D:1      | XOM: give mutations
   768 | D:1      | Gained mutation: Your natural rate of healing is unusually fast. [Xom's grace]
   768 | D:1      | Gained mutation: You are surrounded by a mild repulsion field (EV +2). [Xom's grace]
   768 | D:1      | Gained mutation: You are agile. (Dex +2) [Xom's grace]
   768 | D:1      | Gained mutation: You are resistant to hostile enchantments. [Xom's grace]
   953 | D:1      | XOM: give mutations
   953 | D:1      | Gained mutation: You have extremely sharp teeth. [Xom's grace]
   953 | D:1      | Gained mutation: You have a pair of small antennae on your head. [Xom's grace]
   953 | D:1      | Gained mutation: Your flesh is cold resistant. [Xom's grace]
  1100 | D:2      | Reached XP level 3. HP: 26/26 MP: 3/3
  1102 | D:2      | XOM: snakes to sticks
  1168 | D:2      | Reached skill level 1 in Stealth
  1177 | D:2      | XOM: harmless Fire miscast
  1333 | D:2      | XOM: enchant monster (good)
  1428 | D:2      | Found a deep blue altar of Sif Muna.
  1565 | D:2      | Reached XP level 4. HP: 31/31 MP: 4/4
  1572 | D:2      | XOM: smoke on damage
  1643 | D:2      | XOM: divination: detect creatures
  1663 | D:2      | Noticed Robin
  1691 | D:2      | XOM: 3-stop teleportation journey
  1691 | D:2      | Killed Robin
  1776 | D:2      | Found a blossoming altar of Fedhas.
  1777 | D:2      | Noticed Terence
  1793 | D:2      | Killed Terence
  2044 | D:2      | Noticed Crazy Yiuf
  2048 | D:2      | XOM: smoke on damage
  2049 | D:2      | XOM: silly message
  2054 | D:2      | Killed Crazy Yiuf
  2054 | D:2      | Reached XP level 5. HP: 22/36 MP: 5/5
  2195 | D:3      | XOM: chaos cloud
  2198 | D:3      | Paralysed by you for 5 turns
  2218 | D:3      | Reached XP level 6. HP: 24/42 MP: 6/6
  2241 | D:3      | Reached skill level 4 in Short Blades
  2351 | D:3      | XOM: harmless Hex miscast
  2756 | D:4      | Got a translucent hand axe
  2765 | D:4      | Identified the +4 hand axe of the Messenger {speed, Stlth+} (You found it on level 4 of the Dungeon)
  2935 | D:4      | XOM: harmless Pois miscast
  2997 | D:4      | Noticed Illaniel's ghost (experienced HESk)
  3052 | D:4      | Found an iron altar of Okawaru.
  3094 | D:4      | XOM: harmless Necr miscast
  3112 | D:4      | XOM: swap monsters
  3126 | D:4      | XOM: summons 6 friendly demons
  3140 | D:4      | Killed Illaniel's ghost
  3140 | D:4      | Reached skill level 1 in Axes
  3140 | D:4      | Reached XP level 7. HP: 44/46 MP: 7/7
  3186 | D:4      | Found a bloodstained altar of Trog.
  3187 | D:4      | Found a sparkling altar of Nemelex Xobeh.
  3331 | D:4      | XOM: give mutations
  3331 | D:4      | Lost mutation: You occasionally shout uncontrollably at your foes. [Xom's mischief]
  3331 | D:4      | Lost mutation: You are frail (-10% HP). [Xom's mischief]
  3331 | D:4      | Lost mutation: You are agile. (Dex +2) [Xom's mischief]
  3331 | D:4      | Gained mutation: You are highly resistant to hostile enchantments. [Xom's mischief]
  3350 | D:5      | Entered Level 5 of the Dungeon
  3366 | D:5      | Noticed FIQ's ghost (experienced HOGl)
  3376 | D:5      | XOM: smoke on damage
  3383 | D:5      | HP: 1/52 [FIQ's ghost (10)]
  3385 | D:5      | Succumbed to an adder's poison

Vault maps used:
D:1:      lightli_arrival_quake
D:2:      nicolae_overflow_crystal_walls, lemuel_round_altar, uniq_robin,
          uniq_crazy_yiuf_cottage, uniq_terence
D:3:      first_bread, kennysheep_boxes
D:4:      nicolae_overflow_hidden_temple

Action                   |  1- 3 |  4- 6 |  7- 9 || total
-------------------------+-------+-------+-------++-------
Melee: Short sword       |   119 |       |       ||   119
       Dagger            |       |   166 |       ||   166
       Hand axe          |       |    61 |    12 ||    73
  Use: Potion            |     4 |     4 |       ||     8
       Scroll            |     4 |     3 |       ||     7
 Stab: Petrifying        |     1 |     1 |       ||     2
       Invisible         |       |     1 |       ||     1
       Confused          |       |     6 |       ||     6
       Sleeping          |       |     5 |     1 ||     6
  Eat: Chunk             |     2 |     3 |       ||     5
       Bread ration      |       |     1 |       ||     1
       Beef jerky        |       |       |     1 ||     1
